[Event "*** Titled Tuesday Blitz"]
[Site "Chess.com"]
[Date "2018.08.07"]
[Round "7"]
[White "jk13"]
[Black "Tjktiger"]
[Result "0-1"]
[WhiteElo "2541"]
[BlackElo "2559"]
[TimeControl "180+2"]
[EndTime "14:32:16 PDT"]
[Termination "Tjktiger won by resignation"]

1. e4 c5 2. c3 Nf6 3. e5 Nd5 4. Bc4 Nb6 5. Bb3 Nc6 6. Nf3 c4 7. Bc2 d6 8. exd6 Qxd6 9. O-O Bg4 10. Qe2 Qf6 11. Be4 O-O-O 12. Na3 Ne5 13. Kh1 Bxf3 14. gxf3 e6 15. b3 Bd6 16. Nb5 Bb8 17. Qe3 Qh4 18.
f4 Nc6 19. d4 cxd3 20. Qf3 d2 21. Bxd2 Rxd2 22. Bxc6 Bxf4 23. Bxb7+ Kb8 24. Qg2 Rd3 25. Ba6 Nd5 26. Nd4 Rh3 27. Nf3 Rxf3 0-1

[Event "*** Titled Tuesday Blitz"]
[Site "Chess.com"]
[Date "2018.08.07"]
[Round "7"]
[White "AlanZhang"]
[Black "FearNoEvil12"]
[Result "1-0"]
[WhiteElo "1946"]
[BlackElo "1948"]
[TimeControl "180+2"]
[EndTime "14:32:21 PDT"]
[Termination "AlanZhang won by checkmate"]

1. e4 a6 2. d4 b5 3. a4 b4 4. c3 e6 5. Nf3 Bb7 6. Bd3 Nf6 7. Qe2 bxc3 8. bxc3 d6 9. Ba3 Nbd7 10. Nbd2 h6 11. O-O g5 12. Rab1 Rb8 13. Bxa6 Bxa6 14. Qxa6 Ra8 15. Qc6 g4 16. Ne1 Qc8 17. Rb7 Kd8 18.
Nd3 h5 19. Rfb1 Be7 20. Rxc7 Qxc7 21. Qxa8+ Qc8 22. Qxc8+ Kxc8 23. e5 Ne8 24. Nc4 Kc7 25. a5 Nb8 26. Rb6 Nc6 27. a6 d5 28. Rb7+ Kc8 29. Nb6+ Kd8 30. Rd7# 1-0

[Event "*** Titled Tuesday Blitz"]
[Site "Chess.com"]
[Date "2018.08.07"]
[Round "7"]
[White "Mimsychess"]
[Black "juniortay"]
[Result "0-1"]
[WhiteElo "2274"]
[BlackElo "2409"]
[TimeControl "180+2"]
[EndTime "14:32:26 PDT"]
[Termination "juniortay won on time"]

1. e4 e5 2. Nf3 Nf6 3. Nxe5 Nc6 4.
Nxc6 dxc6 5. d3 Bc5 6. Be2 h5 7. O-O Ng4 8. Bxg4 hxg4 9. Bf4 Be6 10. c3 Qd7 11. d4 O-O-O 12. Nd2 Bd6 13. e5 Be7 14. Ne4 Rh5 15. b4 Rdh8 16. Qa4 a6 17.
Nc5 Bxc5 18. bxc5 Qd5 19. Rfb1 Qe4 20. Bg3 Bd5 21. f3 gxf3 22. Rf1 fxg2 23. Rfe1 Qf3 24. c4 Be4 25. Qd1 Qf5 26. Qe2 Bf3 27. Qe3 g5 28.
d5 Rh3 29. e6 fxe6 0-1

[Event "*** Titled Tuesday Blitz"]
[Site "Chess.com"]
[Date "2018.08.07"]
[Round "7"]
[White "narutosmith"]
[Black "Passacaglia23"]
[Result "0-1"]
[WhiteElo "2105"]
[BlackElo "2268"]
[TimeControl "180+2"]
[EndTime "14:32:28 PDT"]
[Termination "Passacaglia23 won by resignation"]

1. e4 c6 2. d4 d5 3. e5 Bf5 4.
Nd2 e6 5. Nb3 Nd7 6. Nf3 h6 7.
Be2 Ne7 8. O-O g5 9. a4 a5 10.
Ne1 Qc7 11. Nd3 b6 12. f4 c5 13. dxc5 bxc5 14. Ne1 gxf4 15. Bxf4 Ng6 16. Bb5 Nxf4 17.
Rxf4 Qxe5 18. Qf3 Bd6 19. Bxd7+ Kxd7 20. Nd3 Bxd3 21. Rxf7+ Kc6 22. cxd3 Qxh2+ 23. Kf1 Rhf8 24. Nd4+ cxd4 25. Rc1+ Kb6 26. Rcc7 Bxc7 27. Rxf8 Rxf8 28. Qxf8 Qf4+ 0-1

[Event "*** Titled Tuesday Blitz"]
[Site "Chess.com"]
[Date "2018.08.07"]
[Round "7"]
[White "hypert"]
[Black "jposthuma"]
[Result "1-0"]
[WhiteElo "2353"]
[BlackElo "2364"]
[TimeControl "180+2"]
[EndTime "14:32:28 PDT"]
[Termination "hypert won on time"]

1. e4 c6 2. Nc3 d5 3. Qf3 dxe4 4. Nxe4 Nf6 5. Nxf6+ exf6 6. Bc4 Be6 7. Qe2 Qe7 8. Bb3 Na6 9. d4 Bxb3 10. axb3 Qxe2+ 11. Nxe2 Nb4 12. Kd2 Bd6 13. c3 Nd5 14. Kd3 a6 15. Bd2 Kd7 16. Ra4 Rae8 17. c4 Nc7 18. Raa1 Ne6 19. g3 h5 20. h4 Re7 21. Nc3 f5 22.
Na4 Bc7 23. d5 cxd5 24. cxd5 Nf8 25. Bb4 Re5 26. f4 Rxd5+ 27. Kc4 Kc6 28. Nc5 Rxc5+ 29. Bxc5 b5+ 30. Kd3 Kxc5 31. Rxa6 Ne6 32. Rc1+ Kd5 33. b4 Bd6 34. Rb6 1-0

[Event "*** Titled Tuesday Blitz"]
[Site "Chess.com"]
[Date "2018.08.07"]
[Round "7"]
[White "GMG"]
[Black "vpantev"]
[Result "1-0"]
[WhiteElo "2743"]
[BlackElo "2519"]
[TimeControl "180+2"]
[EndTime "14:32:29 PDT"]
[Termination "GMG won by resignation"]

1. d4 Nf6 2. Bf4 e6 3. e3 d5 4. Nf3 Bd6 5. Bg3 O-O 6. Nbd2 c5 7. c3 Nc6 8. Bd3 b6 9. e4 dxe4 10. Nxe4 Be7 11. Qe2 Bb7 12. dxc5 bxc5 13. O-O Qb6 14. Rfd1 Rfd8 15. Neg5 h6 16. Nxe6 fxe6 17. Qxe6+ Kh8 18.
Nh4 Rxd3 19. Rxd3 Kh7 20. Qf5+ Kg8 21. Qe6+ Kh7 22. Nf5 Bf8 23. Nxh6 Kxh6 24. Qf5 Nh5 25. Bf4+ Nxf4 26. Qxf4+ Kh7 27. Rh3+ Kg6 28. Rg3+ Kh7 29. Qf5+ Kg8 30. Qe6+ 1-0

[Event "*** Titled Tuesday Blitz"]
[Site "Chess.com"]
[Date "2018.08.07"]
[Round "7"]
[White "Drags95"]
[Black "KamilPlichta"]
[Result "1-0"]
[WhiteElo "2629"]
[BlackElo "2602"]
[TimeControl "180+2"]
[EndTime "14:32:35 PDT"]
[Termination "Drags95 won by resignation"]

1. Nf3 g6 2. g3 Bg7 3. Bg2 d6 4. O-O Bd7 5. d4 Qc8 6. c4 Bh3 7. Nc3 h5 8. Bg5 f6 9. Bd2 h4 10. e4 hxg3 11. fxg3 Bxg2 12. Kxg2 Qh3+ 13. Kg1 Nc6 14.
Qe2 e5 15. d5 Nce7 16. c5 a6 17. cxd6 cxd6 18. Na4 Nh6 19. Rac1 b5 20. Nc3 O-O 21.
Nd1 Rfc8 22. Nf2 Qd7 23. Kg2 Nf7 24. Nh4 Bh6 25. Ng4 Bg7 26. Nxf6+ Bxf6 27. Rxf6 Rxc1 28.
Bxc1 Kg7 29. Rf2 Rc8 30. Qf3 Ng8 31. Be3 Rc4 32. Bd2 Qe7 33. Qg4 1-0

[Event "*** Titled Tuesday Blitz"]
[Site "Chess.com"]
[Date "2018.08.07"]
[Round "7"]
[White "Zhuu96"]
[Black "gena217"]
[Result "1-0"]
[WhiteElo "2842"]
[BlackElo "2719"]
[TimeControl "180+2"]
[EndTime "14:32:36 PDT"]
[Termination "Zhuu96 won by resignation"]

1. e4 c6 2. d4 d5 3. e5 Bf5 4. Nf3 e6 5. Be2 Ne7 6. O-O c5 7.
c3 Nec6 8. Be3 Nd7 9. c4 dxc4 10. Bxc4 cxd4 11. Nxd4 Ndxe5 12. Bb5 Be7 13. f4 a6 14. Ba4 b5 15. Nxf5 exf5 16. fxe5 bxa4 17. Qxa4 Qd7 18. Nc3 O-O 19. Rad1 Qe6 20. Nd5 Nxe5 21. Rxf5 Ng6 22. Rf3 Rad8 23. Qb3 Bd6 24. Bf2 Ne5 25. Re3 Rfe8 26. Ree1 h6 27. Bg3 Qg6 28. Bxe5 Bxe5 29. Ne7+ Rxe7 30. Rxd8+ Kh7 31. Kh1 Bc7 32. Rxe7 Bxd8 33.
Rd7 Bf6 34. Qd3 Bxb2 35. Qxg6+ fxg6 36. Ra7 1-0

[Event "*** Titled Tuesday Blitz"]
[Site "Chess.com"]
[Date "2018.08.07"]
[Round "7"]
[White "JonahWillow"]
[Black "PaulfromSPb"]
[Result "1-0"]
[WhiteElo "2681"]
[BlackElo "2575"]
[TimeControl "180+2"]
[EndTime "14:32:36 PDT"]
[Termination "JonahWillow won by resignation"]

1. e4 c5 2. Nf3 d6 3. d4 cxd4 4. Qxd4 a6 5. c4 Nc6 6. Qe3 g6 7. Be2 Bg7 8. h3 Nf6 9. O-O O-O 10. Nc3 Nd7 11. Rd1 Nc5 12. Rb1 f5 13. b4 Nxe4 14. Nxe4 fxe4 15. Ng5 e5 16. Qxe4 Nd4 17. Bd3 Qf6 18.
Be3 Kh8 19. Bxd4 exd4 20. Qh4 h6 21. Nf3 g5 22. Qe4 Bf5 23. Qxf5 Qxf5 24. Bxf5 Rxf5 25. Nxd4 Re5 26. Nf3 Re4 27. Rxd6 Rxc4 28. Rd7 b5 29. Re1 Rxb4 30. Ree7 Bf8 31. Rh7+ Kg8 32. Ne5 Re8 33. Ng6 Re1+ 34. Kh2 Bd6+ 35. g3 Bxg3+ 36. Kxg3 Rg1+ 37. Kh2 1-0

[Event "*** Titled Tuesday Blitz"]
[Site "Chess.com"]
[Date "2018.08.07"]
[Round "7"]
[White "nonscitis"]
[Black "orrbaverlekszarnyon"]
[Result "1-0"]
[WhiteElo "2451"]
[BlackElo "2271"]
[TimeControl "180+2"]
[EndTime "14:32:36 PDT"]
[Termination "nonscitis won on time"]

1. Nf3 c5 2. d4 cxd4 3. Nxd4 Nc6 4. e4 d6 5. Nc3 Nf6 6. Bg5 Qa5 7. Bxf6 gxf6 8.
Nb3 Qd8 9. Qh5 Be6 10. O-O-O a5 11. Bb5 Bg7 12. Rd3 Qb6 13. Rg3 Bf8 14. a4 Bxb3 15.
cxb3 O-O-O 16. Qxf7 Qxf2 17. Kb1 Nb4 18. Bd3 h5 19.
Nb5 Nxd3 20. Rxd3 Qxg2 21. Rc1+ Kb8 22. Rxd6 Qxe4+ 23. Ka2 Bh6 24. Rc7 Bf4 25. Rxe7 Qh1 26. Rb6 1-0

[Event "*** Titled Tuesday Blitz"]
[Site "Chess.com"]
[Date "2018.08.07"]
[Round "7"]
[White "JozefKneht"]
[Black "FairChess_on_YouTube"]
[Result "0-1"]
[WhiteElo "2349"]
[BlackElo "2955"]
[TimeControl "180+2"]
[EndTime "14:32:37 PDT"]
[Termination "FairChess_on_YouTube won by resignation"]

1. d4 Nf6 2. Bf4 c5 3. e3 g6 4. Nf3 Bg7 5. c3 b6 6. h3 O-O 7. Bh2 Bb7 8. Bd3 d6 9. O-O Nc6 10. Nbd2 Re8 11. a4 e5 12. dxe5 dxe5 13. Qc2 e4 14.
Nxe4 Nxe4 15. Bxe4 Nd4 16. cxd4 Bxe4 17. Qe2 cxd4 18.
exd4 Qd5 19. Rfe1 Re6 20. Qe3 Rae8 21. Ng5 R6e7 22. Nxe4 Rxe4 23. Qd2 Qxd4 24. Rxe4 Rxe4 25. Qxd4 Bxd4 26. Rb1 Re2 27. Bg3 Rxb2 28. Rd1 Rb4 29. a5 bxa5 30. Kf1 a4 31. Rd3 f5 32. h4 Kf7 33. Bd6 Rb1+ 34. Ke2 Rb2+ 35. Rd2 Rxd2+ 36. Kxd2 Bxf2 37. h5 Ke6 38. g4 Kxd6 39. gxf5 gxf5 40. h6 0-1

[Event "*** Titled Tuesday Blitz"]
[Site "Chess.com"]
[Date "2018.08.07"]
[Round "7"]
[White "ruvat"]
[Black "albi1999"]
[Result "0-1"]
[WhiteElo "2270"]
[BlackElo "2394"]
[TimeControl "180+2"]
[EndTime "14:32:44 PDT"]
[Termination "albi1999 won by resignation"]

1. d4 d5 2. c4 e6 3. Nf3 Nf6 4. g3 Bb4+ 5. Bd2 Bd6 6. Qc2 c6 7. Nc3 Nbd7 8. e4 Bb4 9. e5 Bxc3 10. bxc3 Ne4 11. Be3 Qa5 12. Rc1 O-O 13. Bd3 f5 14.
exf6 Ndxf6 15. O-O Qd8 16. Ne5 Bd7 17. c5 h6 18. f3 Ng5 19. Rce1 Nf7 20. Ng6 Re8 21. Bf4 b6 22. cxb6 axb6 23. Rf2 c5 24. Be5 Ba4 25.
Qd2 Nd7 26. Rfe2 Ra5 27. g4 Bb5 28. Bg3 Ng5 29. Kg2 Qf6 30. Re3 Bxd3 31. Qxd3 Rxa2+ 32. R1e2 c4 33. Qb1 Rxe2+ 0-1

[Event "*** Titled Tuesday Blitz"]
[Site "Chess.com"]
[Date "2018.08.07"]
[Round "7"]
[White "Carolina-moon"]
[Black "senecacrane"]
[Result "0-1"]
[WhiteElo "2135"]
[BlackElo "2127"]
[TimeControl "180+2"]
[EndTime "14:32:49 PDT"]
[Termination "senecacrane won by resignation"]

1. e4 c6 2. c4 d5 3. exd5 cxd5 4. cxd5 Nf6 5. Qa4+ Nbd7 6. Nc3 a6 7. Nf3 g6 8. Qb3 b5 9. a4 Nc5 10. Qc2 Bf5 11. d3 Nxd5 12. axb5 Nb4 13. Qd1 Nbxd3+ 14. Bxd3 Nxd3+ 15. Kf1 axb5 16. Rxa8 Qxa8 17. Nxb5 Qc6 18. Nc3 Qc4 19. Kg1 Bg7 20. Bd2 O-O 21. h3 Nxb2 22.
Qe1 Nd3 23. Qa1 Rc8 24. Kh2 Bxc3 25. Bxc3 Qxc3 26. Qa6 Qc7+ 27. g3 Nxf2 28. Rf1 Ne4 29. Rg1 h5 30. h4 Bg4 31. Qd3 Qc2+ 32. Kh1 Qxd3 0-1

[Event "*** Titled Tuesday Blitz"]
[Site "Chess.com"]
[Date "2018.08.07"]
[Round "7"]
[White "Stormeman100100"]
[Black "indfraeng"]
[Result "0-1"]
[WhiteElo "2115"]
[BlackElo "1921"]
[TimeControl "180+2"]
[EndTime "14:33:01 PDT"]
[Termination "indfraeng won on time"]

1. e4 e5 2. Nf3 Nf6 3. Nc3 Bb4 4. a3 Bxc3 5. dxc3 O-O 6. Bd3 d5 7. Nd2 dxe4 8. Nxe4 Nxe4 9. Bxe4 Qxd1+ 10. Kxd1 Rd8+ 11.
Ke2 f5 12. Bd3 Be6 13. f3 c5 14. Bg5 Rd7 15. Rad1 Nc6 16. Bb5 h6 17. Be3 a6 18.
Bxc6 Bc4+ 19. Kf2 Rxd1 20. Rxd1 bxc6 21. Bxc5 Bd5 22. b3 a5 23. c4 Bf7 24. a4 e4 25.
fxe4 fxe4 26. Ke3 Bg6 27. Bb6 Kh7 28. Rd8 Ra6 29. c5 Bf7 30. c4 Bg6 31. g4 h5 32. g5 Bf5 33. h4 Bg6 34. Kf4 e3 35.
Kxe3 Bc2 36. Kf4 Bxb3 37. Kf5 Bc2+ 38. Ke6 Bxa4 39. Kd6 Bb3 0-1

[Event "*** Titled Tuesday Blitz"]
[Site "Chess.com"]
[Date "2018.08.07"]
[Round "7"]
[White "krzyzan94"]
[Black "Alexander_Moskalenko"]
[Result "0-1"]
[WhiteElo "2648"]
[BlackElo "2835"]
[TimeControl "180+2"]
[EndTime "14:33:06 PDT"]
[Termination "Alexander_Moskalenko won by resignation"]

1. Nf3 d5 2. g3 Nf6 3. Bg2 c6 4. O-O Bg4 5. d3 Nbd7 6. Qe1 e5 7. e4 dxe4 8. dxe4 Bc5 9. Nbd2 O-O 10. h3 Bh5 11. g4 Bg6 12. Qe2 Re8 13. Rd1 Qc7 14. b3 Nf8 15. Nc4 N6d7 16. Nh4 Ne6 17. Nf5 Nd4 18. Qd3 Nf8 19. c3 Nde6 20. Qg3 Nf4 21. Bxf4 exf4 22. Qf3 b5 23. Nb2 Ne6 24. h4 h6 25. Nd3 Rad8 26. Rd2 Bb6 27. Rad1 a5 28. Bh3 Bh7 29. Qg2 a4 30. g5 hxg5 31. hxg5 axb3 32.
axb3 f3 33. Qg4 Bg6 34. Nh4 Nf8 35. Nxg6 Nxg6 36. Qxf3 Qe7 37. Qf5 Qxe4 38. Qxe4 Rxe4 39. Bf5 Rh4 40. Nb4 Rxd2 41. Rxd2 Ne5 42. Kg2 g6 43. Bh3 Rf4 44. Kg3 Rf3+ 45. Kg2 Rxc3 46. f4 Nf3 47. Rd3 Ne1+ 0-1

[Event "*** Titled Tuesday Blitz"]
[Site "Chess.com"]
[Date "2018.08.07"]
[Round "7"]
[White "Martins-BR"]
[Black "JoakimVonAnd"]
[Result "0-1"]
[WhiteElo "2312"]
[BlackElo "2380"]
[TimeControl "180+2"]
[EndTime "14:33:11 PDT"]
[Termination "JoakimVonAnd won by resignation"]

1. e4 c6 2. d4 d5 3. e5 Bf5 4. h4 h5 5. Bd3 Bxd3 6. Qxd3 e6 7. Bg5 Qa5+ 8. Nd2 Qa6 9. c4 Nd7 10. Ngf3 Ne7 11. O-O f6 12. exf6 gxf6 13. Be3 O-O-O 14. Qc2 e5 15. dxe5 fxe5 16. cxd5 Nxd5 17. Bg5 Re8 18. Rfe1 Bc5 19. Qf5 Rhf8 20. Qh3 Qb6 21.
Ne4 Bxf2+ 22. Nxf2 e4 23. Nd4 Qxd4 24. Be3 Nxe3 25. Qxe3 Qxe3 26. Rxe3 Rf4 27. g3 Rf3 28. Rae1 Rxe3 29. Rxe3 Nf6 30. Kg2 Kd7 31. a4 Kd6 32.
a5 Kd5 33. Rb3 e3 34. Nd3 Kc4 35. Rc3+ Kd4 36. Ne1 Nd5 37. Rb3 b5 38. axb6 axb6 39. Kf3 Rf8+ 40. Kg2 Rf2+ 41. Kg1 Rd2 42. Nf3+ Ke4 43.
Ng5+ Kf5 44. Nf3 Rd1+ 45. Kg2 Ke4 46. Ng5+ Kd4 47. Kf3 Rf1+ 48. Ke2 Rf2+ 49. Ke1 Rg2 50. Ne6+ Ke4 51. Ng5+ Kf5 52. Rd3 Rxg3 53. b3 Rg1+ 0-1

[Event "*** Titled Tuesday Blitz"]
[Site "Chess.com"]
[Date "2018.08.07"]
[Round "7"]
[White "Orest_Vovk"]
[Black "LucaBrasi1968"]
[Result "1/2-1/2"]
[WhiteElo "2329"]
[BlackElo "2467"]
[TimeControl "180+2"]
[EndTime "14:33:13 PDT"]
[Termination "Game drawn by agreement"]

1. g4 d5 2. h3 c6 3. Bg2 h5 4. g5 Bf5 5. d4 e6 6. Bf4 Bd6 7. Bxd6 Qxd6 8. c3 Nd7 9. Nf3 Ne7 10. Qb3 O-O-O 11. Qa3 Qxa3 12. Nxa3 Kc7 13. Rc1 b5 14. Nc2 Kd6 15. Ne3 Be4 16. Nh4 Bxg2 17.
Nhxg2 g6 18. Kd2 e5 19. f4 exf4 20. Nxf4 f6 21. h4 fxg5 22. hxg5 Rhf8 23. Rcf1 Rde8 24. b3 a5 25. c4 dxc4 26. bxc4 Nf5 27. c5+ Kc7 28. Nxg6 Nxe3 29. Rxf8 Nc4+ 30. Kd3 Nxf8 31. Nxf8 Rxf8 32. Rxh5 Rg8 33. e4 a4 34. d5 Ne5+ 35. Kc3 Nf3 36. Rh7+ Kc8 37. dxc6 Nxg5 38. Ra7 Kb8 39. Rb7+ Kc8 40. Kb4 Nxe4 41. Rxb5 Rg5 42.
Kxa4 Rxc5 43. Rxc5 Nxc5+ 44. Kb5 Ne6 45. a4 Kc7 46. a5 Nd4+ 1/2-1/2

[Event "*** Titled Tuesday Blitz"]
[Site "Chess.com"]
[Date "2018.08.07"]
[Round "7"]
[White "ahmadzada13"]
[Black "Supernotar"]
[Result "1-0"]
[WhiteElo "2650"]
[BlackElo "2464"]
[TimeControl "180+2"]
[EndTime "14:33:15 PDT"]
[Termination "ahmadzada13 won by checkmate"]

1. d4 d5 2. c4 dxc4 3. Nf3 Nf6 4. e3 e6 5. Bxc4 a6 6. O-O b5 7. Bb3 Bb7 8. a4 b4 9. Nbd2 Nbd7 10. Nc4 c5 11.
Qe2 Qc7 12. Nce5 Be7 13. e4 Bxe4 14. Nxf7 Bxf3 15. gxf3 Kxf7 16. Qxe6+ Ke8 17. Re1 Nf8 18. Qf7+ Kd8 19. Qxg7 c4 20. Bxc4 Ng6 21. Bg5 Rf8 22. Re6 Qxc4 23. Rxe7 Nxe7 24. Qxf8+ Kd7 25. Qxf6 Nd5 26. Qf7+ Kd6 27. Bf4+ Nxf4 28. Qxc4 Rf8 29. Qc5+ Kd7 30. Qxf8 Ne2+ 31. Kf1 b3 32. Kxe2 Kc6 33. Rg1 a5 34. Rg7 Kd5 35. Qc5+ Ke6 36. Re7+ Kf6 37.
Qe5+ Kg6 38. Rg7+ Kh6 39. Qg5# 1-0

[Event "*** Titled Tuesday Blitz"]
[Site "Chess.com"]
[Date "2018.08.07"]
[Round "7"]
[White "Hrant_ChessMood"]
[Black "Nyzhnyk_Illia"]
[Result "0-1"]
[WhiteElo "2967"]
[BlackElo "2779"]
[TimeControl "180+2"]
[EndTime "14:33:17 PDT"]
[Termination "Nyzhnyk_Illia won by resignation"]

1. d4 d5 2. c4 dxc4 3. e3 Nf6 4. Bxc4 e6 5. Nf3 c5 6. O-O a6 7.
b3 b6 8. Qe2 Bb7 9. Rd1 Qc7 10. Bb2 Nbd7 11. Nbd2 Be7 12. Rac1 b5 13. Bd3 Qb6 14. a4 Bc6 15. e4 O-O 16. axb5 axb5 17.
Bb1 Qb7 18. Re1 Rfe8 19. e5 Nd5 20. Qe4 Nf8 21. Qg4 c4 22. bxc4 bxc4 23. Nxc4 Nb6 24. Nxb6 Qxb6 25. Bc3 Bd5 26. Be4 Qb7 27. h4 Rec8 28. h5 Bxe4 29. Rxe4 Ba3 30. h6 g6 31.
Qf4 Bxc1 32. Qxc1 Qxe4 33. Qg5 Qf5 34. Qe3 Ra3 0-1

[Event "*** Titled Tuesday Blitz"]
[Site "Chess.com"]
[Date "2018.08.07"]
[Round "7"]
[White "hansen"]
[Black "Zaven_ChessMood"]
[Result "0-1"]
[WhiteElo "2667"]
[BlackElo "2889"]
[TimeControl "180+2"]
[EndTime "14:33:18 PDT"]
[Termination "Zaven_ChessMood won by resignation"]

1. e4 d6 2. d4 g6 3. Nc3 Bg7 4. Be3 a6 5. Qd2 b5 6. f3 Bb7 7. h4 h5 8. Nh3 Nd7 9. Ng5 Ngf6 10. Ne2 e5 11. O-O-O Qe7 12. Kb1 Nb6 13. Nc1 Nfd7 14. Nb3 Rb8 15. Na5 Ba8 16. d5 Nf6 17. Be2 Nbd7 18. Qc3 Nc5 19. a3 Na4 20. Qb4 Nd7 21. g4 Nf6 22. c4 O-O 23. Ba7 c5 24. dxc6 Qxa7 25. cxb5 axb5 26. gxh5 Nxh5 27. Rxd6 Ng3 28. Re1 Qf2 29. Bd3 Nxb2 30. Bc2 Nc4 31. c7 Nxd6 32.
cxb8=Q Rxb8 33. Rd1 Nc4 34. Qe7 Rf8 35. Rd8 Nxa3+ 36.
Qxa3 Rxd8 37. Qe7 Rf8 38. Bb3 Qe1+ 39. Kb2 Qd2+ 40. Kb1 Ne2 41. Bxf7+ Kh8 0-1

[Event "*** Titled Tuesday Blitz"]
[Site "Chess.com"]
[Date "2018.08.07"]
[Round "7"]
[White "norwaytoadog"]
[Black "nitpicker"]
[Result "0-1"]
[WhiteElo "2123"]
[BlackElo "2120"]
[TimeControl "180+2"]
[EndTime "14:33:27 PDT"]
[Termination "nitpicker won on time"]

1. d4 Nf6 2. Nf3 b6 3. Bf4 e6 4. e3 Bb7 5. Nbd2 d6 6. Bd3 Nbd7 7. h3 Qe7 8. e4 e5 9. dxe5 dxe5 10. Bh2 g6 11.
O-O Bg7 12. a4 a5 13. Qe2 O-O 14. c3 Ne8 15. Bc4 Kh8 16. Bg3 Nd6 17. Ba2 Nc5 18. Bh4 f6 19. Bb1 Ba6 20. c4 Qd7 21. b3 Rae8 22. Rd1 Qc6 23. Bc2 f5 24. exf5 gxf5 25. Ng5 h6 26. Qh5 Kg8 27. Ngf3 e4 28. Nh2 Bxa1 29.
Rxa1 Nf7 30. g4 f4 31. Re1 e3 32. Qf5 Ng5 0-1

[Event "*** Titled Tuesday Blitz"]
[Site "Chess.com"]
[Date "2018.08.07"]
[Round "7"]
[White "Litti"]
[Black "Egorov_Pavel"]
[Result "1-0"]
[WhiteElo "2465"]
[BlackElo "2311"]
[TimeControl "180+2"]
[EndTime "14:33:28 PDT"]
[Termination "Litti won by resignation"]

1. e4 e6 2. d4 d5 3. Nd2 c5 4. exd5 Qxd5 5. Ngf3 cxd4 6. Bc4 Qd7 7. Qe2 Nc6 8. Nb3 a6 9. Bg5 b5 10. Bd3 Be7 11. Bxe7 Ngxe7 12. O-O-O Bb7 13. Nc5 Qc7 14. Qe4 O-O-O 15. Kb1 Rd5 16. Nxb7 Qxb7 17. Qg4 g6 18.
Rhe1 Rhd8 19. Ng5 h5 20. Qf4 e5 21. Qxf7 R5d6 22. Ne6 Rxe6 23. Qxe6+ Qd7 24. Qf7 Qd6 25.
Be4 Nb4 26. a3 Nbd5 27. Bxd5 Nxd5 28. Qg7 Re8 29. Rxd4 Qc5 30. Rd3 Nf4 31. Rc3 Qxc3 32. bxc3 1-0

[Event "*** Titled Tuesday Blitz"]
[Site "Chess.com"]
[Date "2018.08.07"]
[Round "7"]
[White "DACF2905"]
[Black "tomsishere"]
[Result "1-0"]
[WhiteElo "2108"]
[BlackElo "2314"]
[TimeControl "180+2"]
[EndTime "14:33:33 PDT"]
[Termination "DACF2905 won by checkmate"]

1. e4 c5 2. Nf3 d6 3. d4 cxd4 4.
Nxd4 Nf6 5. Nc3 a6 6. Bg5 Nbd7 7. Qe2 h6 8. Bxf6 Nxf6 9. O-O-O e5 10. Nf5 g6 11.
Ne3 Be7 12. f3 Be6 13. Ncd5 Nxd5 14. Nxd5 O-O 15. Kb1 b5 16. Nxe7+ Qxe7 17. Qd2 Kg7 18. h4 Rfd8 19. h5 g5 20. g3 d5 21. Bd3 dxe4 22.
fxe4 Rd4 23. c3 Rd7 24. Qe3 Rad8 25. Bc2 Bg4 26. Rxd7 Qxd7 27. Qc5 Qd6 28. Qe3 Qd2 29. Qc5 Qd6 30. Qe3 a5 31. a3 b4 32. axb4 axb4 33. cxb4 Qxb4 34. Qc3 Qd6 35. Bb3 Qf6 36. Qc7 Bf3 37.
Re1 Rd4 38. Bd5 g4 39. Qb7 Rd2 40. Rc1 Be2 41. Rc6 Qf1+ 42. Ka2 Bd3 43. Rg6+ Kf8 44. Qb8+ Ke7 45. Qxe5+ Kf8 46. Qd6+ Ke8 47. Rg8# 1-0

[Event "*** Titled Tuesday Blitz"]
[Site "Chess.com"]
[Date "2018.08.07"]
[Round "7"]
[White "ChrisTool2"]
[Black "CookiesAndIceCream"]
[Result "1-0"]
[WhiteElo "2254"]
[BlackElo "2249"]
[TimeControl "180+2"]
[EndTime "14:33:34 PDT"]
[Termination "ChrisTool2 won by checkmate"]

1. Nf3 d5 2. g3 Nf6 3. Bg2 c6 4. O-O Bg4 5. d3 Nbd7 6. Nbd2 e5 7. e4 Bd6 8. Qe1 O-O 9. h3 Bh5 10. Nh4 Re8 11. Nf5 Bf8 12. g4 Bg6 13. Nf3 dxe4 14. dxe4 Qc7 15. Bg5 Bxf5 16. gxf5 h6 17. Bh4 Nh5 18. Rd1 Nf4 19. Bg3 Nxg2 20. Kxg2 Rad8 21. Qc3 Bd6 22. Rd2 Nc5 23. Qe3 a5 24. Rfd1 f6 25. Nh4 b6 26. Ng6 Kh7 27. a3 Be7 28. b4 axb4 29. axb4 Na4 30. Qb3 b5 31. Qf7 Bd6 32. Qxc7 Bxc7 33. Rd7 Rxd7 34. Rxd7 Bb6 35. Bh4 Rd8 36.
Rb7 Rd2 37. Nf8+ Kg8 38. Ne6 Rxc2 39. Rxg7+ Kh8 40. Bxf6 Rxf2+ 41. Kg3 Rf1 42. Rg6+ Kh7 43. Nf8# 1-0

[Event "*** Titled Tuesday Blitz"]
[Site "Chess.com"]
[Date "2018.08.07"]
[Round "7"]
[White "Perecke"]
[Black "VeraNebolsina"]
[Result "0-1"]
[WhiteElo "1919"]
[BlackElo "2376"]
[TimeControl "180+2"]
[EndTime "14:33:35 PDT"]
[Termination "VeraNebolsina won by resignation"]

1. e4 c5 2. Nf3 d6 3. d4 cxd4 4. Nxd4 Nf6 5. Nc3 a6 6. h3 e5 7. Nde2 h5 8. g3 Be6 9. Bg2 Be7 10. O-O Nbd7 11. Be3 Nb6 12. Nd5 Nbxd5 13. exd5 Bf5 14. f4 Qd7 15. fxe5 dxe5 16. d6 Bd8 17. Nc3 Bxh3 18. Qf3 Bxg2 19. Qxg2 Ng4 20. Rae1 Nxe3 21. Rxe3 Bb6 22. Re1 O-O 23. Ne4 f5 24. Ng5 Qxd6 25.
Kh2 Bxe3 26. Rxe3 e4 27. Re2 h4 28. Qh3 hxg3+ 29. Qxg3 f4 30. Qh4 f3+ 31. Kg1 Qh6 32.
Rxe4 f2+ 33. Kf1 Qxh4 34. Rxh4 Rae8 35. Rc4 Re1+ 0-1

[Event "*** Titled Tuesday Blitz"]
[Site "Chess.com"]
[Date "2018.08.07"]
[Round "7"]
[White "Margency"]
[Black "GadimbayliA"]
[Result "0-1"]
[WhiteElo "2721"]
[BlackElo "2713"]
[TimeControl "180+2"]
[EndTime "14:33:48 PDT"]
[Termination "GadimbayliA won by resignation"]

1. d4 e6 2. Nf3 Nf6 3. Bf4 b6 4. Nc3 Bb7 5. e3 Be7 6. Bd3 d5 7. Nb5 Na6 8. Ne5 c6 9. Nc3 Nc7 10. g4 h6 11. h4 Nd7 12. Qf3 Nxe5 13. Bxe5 Bf6 14. Bf4 Qe7 15. O-O-O e5 16. dxe5 Bxe5 17. g5 Bxc3 18. bxc3 Ne6 19. gxh6 Nxf4 20. exf4 Qa3+ 21. Kd2 Rxh6 22. Rde1+ Kf8 23. Rhg1 Qd6 24. Re5 d4 25. cxd4 Qxd4 26. a3 Rxh4 27. Rf5 Rh2 28. Rf1 Rd8 29. Qg3 Rh6 30. Rg5 Ba6 31. Rg1 Bxd3 32. cxd3 Qb2+ 33. Ke1 Qc1+ 34. Ke2 Qc2+ 35. Kf1 Rxd3 36. Qg4 Rd1+ 37.
Kg2 Qe4+ 0-1

[Event "*** Titled Tuesday Blitz"]
[Site "Chess.com"]
[Date "2018.08.07"]
[Round "7"]
[White "PulpanJ"]
[Black "Maili15"]
[Result "1/2-1/2"]
[WhiteElo "2506"]
[BlackElo "2261"]
[TimeControl "180+2"]
[EndTime "14:33:53 PDT"]
[Termination "Game drawn by agreement"]

1. Nf3 d5 2. b3 Nf6 3. Bb2 e6 4. g3 Be7 5. Bg2 O-O 6. O-O c5 7. e3 Nc6 8. c4 d4 9. exd4 cxd4 10. Re1 Qc7 11. Na3 a6 12. d3 e5 13. Nc2 Nd7 14.
a3 a5 15. Nd2 f6 16. Rb1 Rb8 17. Bc1 Nc5 18. Ne4 Nxe4 19. Bxe4 Be6 20. b4 axb4 21. axb4 b5 22. c5 Qd7 23. Qf3 Nd8 24. c6 Qc8 25. Bd5 Kh8 26. Bxe6 Nxe6 27. Bb2 Rb6 28. Na3 Bxb4 29.
Rec1 Bc5 30. Qd5 b4 31. Nc4 Rxc6 32. Ba1 Rd8 33. Qg2 Qd7 34. Na5 Ra6 35. Nb7 Rc8 36. Nxc5 Nxc5 37. Bb2 Nxd3 38. Rxc8+ Qxc8 39. Qf1 e4 40.
Bxd4 Rd6 41. Be3 h6 42. Qd1 Qc4 43. Qa4 Kh7 44. Ra1 Qc3 45. Rb1 Rc6 46. Qa8 Rd6 47.
Qxe4+ Kg8 48. Qe7 Qc6 49. Ra1 Rd7 50. Qe8+ Kh7 51. Qf8 Ne5 52. Qxb4 Nf3+ 53. Kf1 Qd5 54. Qb1+ g6 55. h4 Nh2+ 56. Kg1 Nf3+ 57. Kf1 Nh2+ 58. Kg1 Nf3+ 1/2-1/2